 Dungeon Crawl Stone Soup version 0.24.1-8-ga250c9d538 (webtiles) character file.

Game seed: 17531300051246191016, levelgen mode: deterministic

7 Hugehornet the Insei (level 2, 0/18 HPs)
             Began as an Octopode Transmuter on May 7, 2020.
             Slain by an ooze (5 damage)
             ... on level 1 of the Dungeon.
             The game lasted 00:00:32 (230 turns).

Hugehornet the Insei (Octopode Transmuter)           Turns: 230, Time: 00:00:33

Health: 0/18       AC:  1    Str:  9    XL:     2   Next: 0%
Magic:  4/5        EV: 13    Int: 15    God:
Gold:   16         SH:  0    Dex: 12    Spells: 4/5 levels left

rFire    . . .     SeeInvis .     - Unarmed
rCold    . . .     Gourm    .   (no shield)
rNeg     . . .     Faith    .   (helmet restricted)
rPois    .         Spirit   .   (no amulet)
rElec    .         Reflect  .   (no ring)
rCorr    .         Harm     .   (no ring)
MR       .....                  (no ring)
Stlth    ++........             (no ring)
HPRegen  0.06/turn              (no ring)
MPRegen  0.09/turn              (no ring)
                                (no ring)
                                (no ring)

@: no status effects
A: almost no armour, stealthy swim, amphibious, 8 rings, constrict 8, camouflage
1, gelatinous body 1
a: no special abilities


You were on level 1 of the Dungeon.
You were not hungry.

You visited 1 branch of the dungeon, and saw 1 of its levels.

You collected 16 gold pieces.

Inventory:

Missiles
 a - 12 arrows
Scrolls
 d - a scroll of identify {unknown}
 e - a scroll of remove curse {unknown}
Potions
 b - 2 potions of magic {unknown}
 f - a potion of agility {unknown}
 g - 2 potions of might {unknown}
Comestibles
 c - 4 rations


   Skills:
 + Level 1.1 Fighting
 + Level 2.1 Dodging
 + Level 0.4 Stealth
 * Level 3.1 Unarmed Combat
 + Level 2.0 Spellcasting
 * Level 2.2 Transmutations


You had 4 spell levels left.
You knew the following spells:

 Your Spells              Type           Power        Failure   Level  Hunger
a - Beastly Appendage     Tmut           #.....       9%          1    #......

Your spell library contained the following spells:

 Spells                   Type           Power        Failure   Level  Hunger
 Sticks to Snakes         Tmut           #.......     14%         2    ###....
 Spider Form              Tmut/Pois      #.........   38%         3    ###....
 Ice Form                 Ice/Tmut       #.......     80%         4    #####..
 Blade Hands              Tmut           #.........   94%         5    ######.


Dungeon Overview and Level Annotations

Branches:
Dungeon (1/15)

Altars:


Innate Abilities, Weirdness & Mutations

You cannot wear most types of armour.
You are very stealthy in the water. (Stealth+)
You are amphibious.
You can wear up to eight rings at the same time.
You can use your tentacles to constrict eight enemies at once.
Your skin changes colour to match your surroundings (Stealth+).
Your rubbery body absorbs attacks. (AC +1, EV +1)


Message History

You are too injured to fight recklessly!
You are too injured to fight recklessly!
You are too injured to fight recklessly!
You closely miss the kobold. Your grab misses the kobold.
You pierce the kobold.
Your squeeze misses the kobold.
The kobold is severely wounded.
The ooze misses you. The kobold barely misses you.
You tentacle-slap the kobold.
You kill the kobold!
You have reached level 2!
The ooze closely misses you.
You tentacle-slap the ooze but do no damage.
Your tentacle spike misses the ooze.
You squeeze the ooze!
The ooze is heavily wounded.
Your tentacle spike disappears.
The ooze barely misses you.
You tentacle-slap the ooze but do no damage.
The ooze is heavily wounded.
The ooze hits you.
You die...

#####........##
#............#
#.#####.##.#.# #.#
#.##.#.# ####.# #.##.#.#
..#.# ##.##.#.# #
#.#.####...#.#.##
....####)...............
#..rJ@....###...#.#.##
#.######!.# ##.##.#.#
#..####.##.#.##
#..........#...
#.##########..# #.# #..#
..# #..# ##.# #..# #.#
#..#


You could see an ooze and a rat.

Vanquished Creatures
  A bat (D:1)
  2 goblins (D:1)
  2 kobolds (D:1)
  A frilled lizard (D:1)
6 creatures vanquished.

Notes
Turn   | Place    | Note
-------+----------+-------------------------------------------
     0 | D:1      | Hugehornet the Octopode Transmuter began the quest for the
                  | Orb.
     0 | D:1      | Reached XP level 1. HP: 13/13 MP: 3/3
   228 | D:1      | Reached XP level 2. HP: 5/18 MP: 3/5
   230 | D:1      | Slain by an ooze

Levels and vault maps discovered:
D:1:      psy_arrival_dodecagon, layout_loops_ring, minmay_circled_x

Action                   || total
-------------------------++-------
Melee: Unarmed           ||    14
       Kick              ||     4
       Tentacles         ||     2
       Constrict         ||     1
 Cast: Beastly Appendage ||     4
 Stab: Sleeping          ||     2
Dodge: Dodged            ||    15
